 Dungeon Crawl Stone Soup version 0.31-a0-965-g8a8ce12e04 (webtiles) character file.

Game seed: 14243953264556136534

118 sammy202020 the Covered (level 4, -1/40 HPs)
             Began as an Armataur Berserker on Oct 26, 2023.
             Was a Believer of Trog.
             Slain by Natasha (3 damage)
             ... on level 2 of the Dungeon.
             The game lasted 00:01:37 (1527 turns).

sammy202020 the Covered (Armataur Berserker)        Turns: 1527, Time: 00:01:38

Health: -1/40      AC:  9    Str: 22    XL:     4   Next: 72%
Magic:  4/4        EV:  4    Int:  9    God:    Trog [**....]
Gold:   60         SH:  0    Dex: 10    Spells: 3/3 levels left

rFire   . . .        a - +0 mace
rCold   . . .        (no shield)
rNeg    . . .        d - +0 plate armour
rPois   .            (no helmet)
rElec   .            (no cloak)
rCorr   .            (no gloves)
SInv    .            (no barding)
Will    .....        (no amulet) Stlth
                     (no ring)
HPRegen 0.26/turn    (no ring)
MPRegen 0.09/turn

%: roll
@: on berserk cooldown
A: large, rugged brown scales 3, deformed body, armoured tail, roll, long
tongue, awkward tongue
a: Renounce Religion, Berserk, Trog's Hand


You were on level 2 of the Dungeon.
You worshipped Trog.
Trog was pleased with you.
You visited 1 branch of the dungeon, and saw 2 of its levels.

You collected 60 gold pieces.

Inventory:

Hand Weapons
 a - a +0 mace (weapon)
Armour
 d - a +0 plate armour (worn)
Wands
 h - a wand of digging (9)
Scrolls
 b - a scroll of fog {unknown}
 f - a scroll of teleportation {unknown}
Potions
 c - a potion of attraction
 e - a potion of curing {unknown}
 g - a potion of haste {unknown}
 i - a potion of lignification {unknown}
 j - a potion of berserk rage {unknown}


   Skills:
 * Level 3.5 Fighting
 * Level 3.4 Maces & Flails
 * Level 3.8 Armour
 + Level 1.9 Dodging


You had 3 spell levels left.
You didn't know any spells.
Your spell library was empty.

Dungeon Overview and Level Annotations

Branches:
Dungeon (2/15)

Altars:

Annotations:
D:2 Natasha


Innate Abilities, Weirdness & Mutations

You are completely covered in rugged brown scales. (AC +3, +7% HP)
Armour fits poorly on your strangely shaped body.
You have a long armoured tail.
You roll when moving toward enemies. (Rampage)
Your long tongue fully drains potion bottles. (2x potion effects)
Your tongue gives you trouble enunciating. (1.5x scroll delay)


Message History

The cerulean imp completely misses you. Natasha claws you!
* * * LOW HITPOINT WARNING * * *
The cerulean imp hits you but does no damage.
You sock Natasha!
You kill Natasha!
Trog accepts your kill.
Trog appreciates your killing of a magic user.
Natasha growls in agony!
The cerulean imp disappears in a puff of smoke! x2
You start resting.
You feel a strong urge to attack something.
You start resting.
You feel your anger nearly subside.
You start resting.
Your blood rage is quickly leaving you.
You start resting.
You are no longer berserk.
You are exhausted.
You feel yourself slow down.
You start resting.
Natasha, Servant of Life and Death comes into view.
Natasha is nearby!
Natasha is nearby!
Natasha hisses angrily.
You roll towards Natasha!
Natasha claws you but does no damage.
You sock Natasha!
Your tail-slap misses Natasha.
Natasha is severely wounded.
Natasha claws you.
* * * LOW HITPOINT WARNING * * *
Natasha casts a spell at you. The magic dart hits you!
* * * LOW HITPOINT WARNING * * *
You hit Natasha.
Natasha is almost dead.
You feel yourself speed up. Natasha claws you.
* * * LOW HITPOINT WARNING * * *
Natasha claws you.
You die...
Natasha begins licking her fur clean.

########### ###
#.........####.##
#.##............#
#.##.####.####.## #### #.##.#
#.# ##.### )..## #.##.#
#.###..... ....# #.##.#
#........# ##..# #h##.#
#.#....... #..############@##.#
#.#.#.##.#
#.#................####.#.#.##.#
#........######.........#†#.##.#
########................#.#.##..
#...............######.#.###.
#.############.## #.#.# #. #.#
#.# #.#.###. #.#
...######....... ##.#
.............###.


You could see Natasha.

Vanquished Creatures
  Natasha (twice) (D:2)
  3 adders (D:2)
  A dart slug (D:1)
  4 endoplasms
  A giant cockroach (D:1)
  2 hobgoblins
  6 jackals
  A quokka (D:2)
  3 ball pythons
  2 bats (D:1)
  A frilled lizard (D:1)
  4 goblins
  3 kobolds (D:1)
  6 rats
39 creatures vanquished.

Notes
Turn   | Place    | Note
-------+----------+-------------------------------------------
     0 | D:1      | sammy202020 the Armataur Berserker began the quest for the
                  | Orb.
     0 | D:1      | Reached XP level 1. HP: 19/19 MP: 1/1
   184 | D:1      | Reached XP level 2. HP: 23/26 MP: 2/2
   723 | D:2      | Reached XP level 3. HP: 30/33 MP: 3/3
  1157 | D:2      | Reached ** piety under Trog
  1325 | D:2      | Noticed Natasha
  1330 | D:2      | Killed Natasha
  1331 | D:2      | Reached XP level 4. HP: 21/40 MP: 4/4
  1492 | D:2      | Noticed Natasha
  1503 | D:2      | Killed Natasha
  1523 | D:2      | Noticed Natasha
  1527 | D:2      | HP: 2/40 [Natasha (3)]
  1527 | D:2      | Slain by Natasha

Illustrated notes

Levels and vault maps discovered:
D:1:      minmay_arrival_glassed_features, layout_loops_ring,
          reono_crystal_passage
D:2:      layout_loops_ring, chequers_arboretum, uniq_natasha

Skill      XL: |  1  2 |
---------------+-------+-----
Fighting       | 3 |  3.5
Maces & Flails | 3 |  3.4
Armour         | 3 |  3.8
Dodging        | |  1.9

Action                     |  1- 3 |  4- 6 || total
---------------------------+-------+-------++-------
  Melee: Mace              |    97 |    13 ||   110
         Tailslap          |    11 |     1 ||    12
 Invoke: Berserk           |       |     1 ||     1
    Use: Scroll            |     3 |       ||     3
 Armour: Animal skin       |     7 |       ||     7
         Plate armour      |    78 |    21 ||    99
  Dodge: Dodged            |    20 |     3 ||    23

Table legend: (Time is in decaauts)
 A = Elapsed time spent in this place.
 B = Non-inter-level travel time spent in this place.
 C = Inter-level travel time spent in this place.
 D = Time resting spent in this place.
 E = Time spent auto-exploring this place.
 F = Levels seen in this place.
 G = Mean time per level.
                   A        B        C        D        E       F      G
               +--------+--------+--------+--------+--------+-----+--------+
         Total |   1561 |   1536 |     25 |     22 |   1240 |   2 |  780.5 |
       Dungeon |   1561 |   1536 |     25 |     22 |   1240 |   2 |  780.5 |
               +--------+--------+--------+--------+--------+-----+--------+

Top non-repeatable levels by time:
     D:2: 860 daAuts
     D:1: 700 daAuts
